 Dungeon Crawl Stone Soup version 0.26-a0-376-g13fbb91ece (webtiles) character file.

Game seed: 5968199087510825285

2 Glokmah the Vexing (level 1, 1/9 HPs)
             Began as a Spriggan Arcane Marksman on July 20, 2020.
             Quit the game on level 1 of the Dungeon.
             The game lasted 00:02:13 (897 turns).

Glokmah the Vexing (Spriggan Arcane Marksman)        Turns: 897, Time: 00:02:13

Health: 1/9        AC:  2    Str:  6    XL:     1   Next: 33%
Magic:  3/3        EV: 18    Int: 14    God:
Gold:   19         SH:  0    Dex: 16    Spells: 1/2 levels left

rFire    . . .     SeeInvis +   b - -3 dagger (curse)
rCold    . . .     Faith    .   (shield restricted)
rNeg     . . .     Spirit   .   e - +0 robe
rPois    .         Reflect  .   (helmet restricted)
rElec    .         Harm     .   (no cloak)
rCorr    .                      (gloves unavailable)
MR       .....                  (boots unavailable)
Stlth    ++........             (no amulet)
HPRegen  0.03/turn              (no ring)
MPRegen  0.08/turn              (no ring)

@: very quick
A: very small, unfitting armour, see invisible, speed 3
a: no special abilities


You were on level 1 of the Dungeon.
You visited 1 branch of the dungeon, and saw 1 of its levels.

You collected 19 gold pieces.

Inventory:

Hand Weapons
 a - a +0 hunting sling
 b - a cursed -3 dagger (weapon)
Missiles
 d - 20 sling bullets
 g - 37 stones (quivered)
Armour
 e - a +0 robe (worn)
Scrolls
 h - a scroll of identify
Potions
 c - a potion of resistance
 f - a potion of brilliance {unknown}


   Skills:
 + Level 0.8 Fighting
 * Level 2.5 Slings
 + Level 3.0 Dodging
 + Level 0.1 Stealth
 + Level 1.4 Spellcasting
 + Level 3.6 Hexes


You had one spell level left.
You knew the following spells:

 Your Spells              Type           Power        Failure   Level
a - Corona                Hex            ##.....      5%          1

Your spell library contained the following spells:

 Spells                   Type           Power        Failure   Level
 Slow                     Hex            ##......     9%          2
 Inner Flame              Hex/Fire       #.......     34%         3
 Portal Projectile        Hex/Tloc       #.....       34%         3
 Cause Fear               Hex            ##........   50%         4
 Leda's Liquefaction      Hex/Erth       #.........   75%         4


Dungeon Overview and Level Annotations

Branches:
Dungeon (1/15)

Altars:


Innate Abilities, Weirdness & Mutations

You are very small and have problems with some larger weapons.
You are too small for most types of armour.
You have supernaturally acute eyesight. (SInv)
You cover ground extremely quickly.


Message History

Throwing (i - inventory)
g - 40 stones (quivered)
Press: ? - help, Shift-Dir - straight line, f/p - leopard gecko
Aim: a leopard gecko You throw a stone.
The stone hits the leopard gecko but does no damage.
Throwing (i - inventory)
g - 39 stones (quivered)
Press: ? - help, Shift-Dir - straight line, f/p - leopard gecko
Aim: a leopard gecko You throw a stone.
The stone hits the leopard gecko but does no damage.
Throwing (i - inventory)
g - 38 stones (quivered)
Press: ? - help, Shift-Dir - straight line, f/p - leopard gecko
Aim: a leopard gecko You throw a stone.
The stone closely misses the leopard gecko.
The stone closely misses the kobold.
The leopard gecko bites you.
* * * LOW HITPOINT WARNING * * *
You see here a ring mail.
Autopickup is now off.
Are you sure you want to abandon this character and quit the game? (Confirm with "yes".)

..# #.# #.# ###
#.# #.# #.# #.#
#.# #.#
#.##########.##
#K#...........#
#.##.##########
#.##.# #(##@#
#.##.# #.##.#
#K##l# #(##.#
#(##[# #.##.#
#.##.# #....#


You could see a leopard gecko.

Vanquished Creatures
  A bat (D:1)
  3 rats (D:1)
4 creatures vanquished.

Notes
Turn   | Place    | Note
-------+----------+-------------------------------------------
     0 | D:1      | Glokmah the Spriggan Arcane Marksman began the quest for
                  | the Orb.
     0 | D:1      | Reached XP level 1. HP: 9/9 MP: 3/3
   897 | D:1      | Quit the game

Illustrated notes

Levels and vault maps discovered:
D:1:      minmay_arrival_stair_chambers, layout_basic, minmay_stone_trees_small

Action                   || total
-------------------------++-------
Melee: Dagger            ||    29
 Fire: Hunting sling     ||     1
Throw: Stone             ||    11
  Use: Scroll            ||     1
 Stab: Sleeping          ||     2
Armor: Robe              ||     3
Dodge: Dodged            ||    33

Table legend: (Time is in decaauts)
 A = Elapsed time spent in this place.
 B = Non-inter-level travel time spent in this place.
 C = Inter-level travel time spent in this place.
 D = Time resting spent in this place.
 E = Time spent auto-exploring this place.
 F = Levels seen in this place.
 G = Mean time per level.
                   A        B        C        D        E       F      G
               +--------+--------+--------+--------+--------+-----+--------+
         Total |    718 |    718 |      0 |    296 |     98 |   1 |  718.0 |
       Dungeon |    718 |    718 |      0 |    296 |     98 |   1 |  718.0 |
               +--------+--------+--------+--------+--------+-----+--------+
